 Dungeon Crawl Stone Soup version 0.24-a0-284-g9fb9971df1 (webtiles) character file.

Game seed: 1161276831780159736

28 Redear the Skirmisher (level 2, -1/24 HPs)
             Began as a Demonspawn Chaos Knight on May 6, 2019.
             Was a Plaything of Xom.
             Slain by a hobgoblin
             ... wielding a +0 club
              (2 damage)
             ... on level 2 of the Dungeon.
             The game lasted 00:01:34 (815 turns).

Redear the Skirmisher (Demonspawn Chaos Knight)      Turns: 815, Time: 00:01:34

Health: -1/24      AC:  5    Str: 12    XL:     2   Next: 96%
Magic:  2/2        EV: 11    Int: 13    God:    Xom [..*...]
Gold:   46         SH:  0    Dex: 12    Spells: 1/1 levels left

rFire    . . .     SeeInvis .   a - +0 hand axe (chaos)
rCold    . . .     Gourm    .   (no shield)
rNeg     . . .     Faith    .   b - +2 leather armour
rPois    .         Spirit   .   (no helmet)
rElec    .         Reflect  .   (no cloak)
rCorr    .         Harm     .   (no gloves)
MR       .....                  (no boots)
Stlth    +.........             (no amulet)
HPRegen  0.08/turn              (no ring)
MPRegen  0.08/turn              (no ring)

@: no status effects
A: powered by pain 1
a: Renounce Religion


You were on level 2 of the Dungeon.
You worshipped Xom.
You were a toy of Xom.
You were not hungry.

You visited 1 branch of the dungeon, and saw 2 of its levels.

You collected 46 gold pieces.

Inventory:

Hand Weapons
 a - a +0 hand axe of chaos (weapon)
Missiles
 c - 97 stones (quivered)
Armour
 b - a +2 leather armour (worn)
 d - a +0 pair of boots
Scrolls
 e - a scroll of identify {unknown}
 f - 2 scrolls of fear {unknown}
 g - 2 scrolls of teleportation {unknown}
Comestibles
 z - 4 rations


   Skills:
 + Level 3.3 Fighting
 + Level 3.0 Axes
 + Level 2.2 Armour
 + Level 1.4 Dodging


You had one spell level left.
You didn't know any spells.
Your spell library was empty.

Dungeon Overview and Level Annotations

Branches:
Dungeon (2/15)

Altars:


Innate Abilities, Weirdness & Mutations

You sometimes gain a little power by taking damage.


Message History

The hobgoblin hits you with a +0 club.
* * * LOW HITPOINT WARNING * * *
You take 1 damage, and have 3/24 hp.
Okay, then.
Unknown command.
You hit the hobgoblin.
The hobgoblin flickers and vanishes!
Deactivating autopickup; reactivate with Ctrl-A.
Something hits you.
* * * LOW HITPOINT WARNING * * *
Something hits you but does no damage.
You take 2 damage, and have 1/24 hp.
You aren't carrying any potions.
Wield which item (- for none, * to show all)? (? for menu, Esc to quit)
Okay, then.
You miss something. Something hits you but does no damage.
You aren't carrying any items that you can evoke.
Unknown command.
Unknown command.
You barely miss something. Something hits you.
You die...

#..######.#
#..#### # #+
#.....# .. #.
#.###.# #..#. #.
#.# #..#.#
#####.###.###.#
#.....
..##.......>.#
......
#.######.#####
#.....###(######@#
#.)(§(..(.{.#
#......##§########
...#.####.# . #.
#.# # ..# ####


There were no monsters in sight!

Vanquished Creatures
  An adder (D:2)
  2 leopard geckos (D:1)
  2 giant cockroaches (D:1)
  3 goblins (D:1)
  2 hobgoblins
  3 bats (D:1)
  2 frilled lizards (D:1)
  A kobold (D:1)
  2 rats (D:1)
18 creatures vanquished.

Notes
Turn   | Place    | Note
-------+----------+-------------------------------------------
     0 | D:1      | Redear the Demonspawn Chaos Knight began the quest for the
                  | Orb.
     0 | D:1      | Reached XP level 1. HP: 18/18 MP: 1/1
    88 | D:1      | Reached skill level 1 in Dodging
   163 | D:1      | Reached skill level 2 in Armour
   164 | D:1      | Gained mutation: You sometimes gain a little power by
                  | taking damage. [demonic ancestry]
   164 | D:1      | Reached XP level 2. HP: 21/24 MP: 2/2
   391 | D:1      | XOM: noise
   790 | D:2      | XOM: harmless Hex miscast
   792 | D:2      | Reached skill level 3 in Axes
   802 | D:2      | XOM: smoke on damage
   813 | D:2      | HP: 1/24 [something (2)]
   815 | D:2      | Slain by a hobgoblin

Levels and vault maps discovered:
D:1:      minmay_arrival_shattered_statue, layout_basic
D:2:      layout_loops_corners, lemuel_doored_altar, first_ration, uniq_natasha,
          uniq_crazy_yiuf_cottage

Skill      XL: |  1  2 |
---------------+-------+-----
Dodging        | 1 |  1.4
Armour         | 2 |  2.2
Axes           | 3 |  3.0
Fighting       | |  3.3

Action                   || total
-------------------------++-------
Melee: Hand axe          ||    73
Armor: Leather armour    ||    26
Dodge: Dodged            ||    38

Table legend:
 A = Non-vault XP
 B = Vault XP
 C = Vault XP percentage of total XP
 D = Non-vault monster count
 E = Vault monster count
 F = Vault count percentage of total count
                 A         B        C        D         E       F
            +---------+---------+-------+---------+---------+-------
      Total |      40 |       0 |   0.0 |      18 |       0 |   0.0
            +---------+---------+-------+---------+---------+-------
        D:1 |      25 |       0 |   0.0 |      16 |       0 |   0.0
        D:2 |      15 |       0 |   0.0 |       2 |       0 |   0.0
            +---------+---------+-------+---------+---------+-------
